 Dungeon Crawl Stone Soup version 0.23.2 (webtiles) character file.

Game seed: 8756403986644633323

258 Marnok the Cudgeler (level 5, -10/42 HPs)
             Began as a Demonspawn Chaos Knight on Apr 9, 2019.
             Was a Plaything of Xom.
             Killed from afar by a swamp worm (glowing shapeshifter) (12 damage)
             ... with a harpoon shot
             ... on level 6 of the Dungeon.
             The game lasted 00:08:38 (2098 turns).

Marnok the Cudgeler (Demonspawn Chaos Knight)       Turns: 2098, Time: 00:08:39

Health: -10/42     AC: 10    Str: 18    XL:     5   Next: 94%
Magic:  0/5        EV: 11    Int: 19    God:    Xom [......]
Gold:   161        SH:  3    Dex: 12    Spells: 4/4 levels left

rFire    + . .     SeeInvis .   a - +1 mace (chaos)
rCold    x . .     Gourm    .   h - +0 buckler
rNeg     + . .     Faith    .   b - +3 leather armour
rPois    .         Spirit   +   (helmet restricted)
rElec    .         Reflect  .   (no cloak)
rCorr    .         Harm     .   y - +1 pair of gloves
MR       .....                  (no boots)
Stlth    +.........             (no amulet)
HPRegen  0.14/turn              f - ring of fire
MPRegen  0.09/turn              t - ring of positive energy

@: mighty, brilliant
A: antennae 1, yellow scales 1, magic shield
a: Renounce Religion


You were on level 6 of the Dungeon.
You worshipped Xom.
You were a very special plaything of Xom.
You were not hungry.

You visited 1 branch of the dungeon, and saw 4 of its levels.

You collected 161 gold pieces.

Inventory:

Hand Weapons
 a - a +1 mace of chaos (weapon)
 k - a +1 spear of flaming
 r - a +3 dagger of speed
 s - a +2 short sword of flaming
Armour
 b - a +3 leather armour (worn)
 h - a +0 buckler (worn)
 y - a +1 pair of gloves (worn)
Jewellery
 f - a ring of fire (left hand)
 t - a ring of positive energy (right hand)
Wands
 m - a wand of random effects (10)
Scrolls
 g - a scroll of fog
 l - 2 scrolls of remove curse
 q - a scroll of identify
Potions
 e - 2 potions of ambrosia
 u - a potion of might
Comestibles
 c - 6 rations
 n - 7 chunks of flesh


   Skills:
 + Level 4.0 Fighting
 + Level 4.8 Maces & Flails
 + Level 2.2 Armour
 + Level 2.0 Dodging
 + Level 0.8 Stealth


You had 4 spell levels left.
You didn't know any spells.
Your spell library was empty.

Dungeon Overview and Level Annotations

Branches:
Dungeon (3/15)

Altars:
Gozag
Nemelex Xobeh
Okawaru
Uskayaw
Zin

Shops:
D:2 *


Innate Abilities, Weirdness & Mutations

You have a pair of small antennae on your head.
You are partially covered in yellow scales. (AC +2)
When hurt, damage is shared between your health and your magic reserves.


Message History

You block the orc's attack.
The sky beast flickers out of sight!
Deactivating autopickup; reactivate with Ctrl-A.
Something hits you but does no damage.
Okay, then.
As you read the scroll of fear, it crumbles to dust.
You assume a fearsome visage.
The sea snake looks frightened!
The orc looks frightened!
The bullfrog looks frightened!
The hound looks frightened!
The quokka looks frightened!
The sea snake changes into a swamp worm!
An orc warrior comes into view. It is wielding a +0 scimitar.
The swamp worm bites you!!
* * * LOW HITPOINT WARNING * * *
The swamp worm throws harpoon shot at you.
The harpoon shot misses you.
The harpoon shot misses the orc.
You closely miss the orc warrior.
The sentinel's mark upon you fades away.
The swamp worm throws harpoon shot at you.
The harpoon shot hits you!
You die...
Xom cackles wildly!

#.######).######
#r######..#
#.#.F.......#
#.#.........#
#.#..{......# .
##[#.....5...# #!.
#....≈..ow##.#
##..##..#o####.#
.#
........#≈####@#
.# #.#..≈≈≈...#o#
.. # #5..≈.≈......
# #......5.....#.
..............o#.#
#.##..............
. #.........#.#.##
##........$...
#.#.#.####.#.


You could see a swamp worm shaped shifter, an orc warrior, a bullfrog (fleeing),
an orc wizard, a crimson imp, an orc (fleeing) and a quokka (fleeing).

Vanquished Creatures
  A gnoll sergeant (D:3)
  A bullfrog (D:6)
  3 gnolls (D:3)
  2 adders (D:2)
  2 oozes
  An adder skeleton (D:3)
  2 dart slugs
  2 leopard geckos
  4 orcs
  A giant cockroach (D:3)
  8 goblins
  4 hobgoblins
  7 jackals (D:3)
  8 kobolds
  2 quokkas (D:3)
  A ball python (D:3)
  7 bats
  3 frilled lizards
  9 rats
68 creatures vanquished.

Vanquished Creatures (others)
  A fire vortex (D:3)
1 creature vanquished.

Grand Total: 69 creatures vanquished

Notes
Turn   | Place    | Note
-------+----------+-------------------------------------------
     0 | D:1      | Marnok the Demonspawn Chaos Knight began the quest for the
                  | Orb.
     0 | D:1      | Reached XP level 1. HP: 18/18 MP: 1/1
    12 | D:1      | XOM: harmless Necr miscast
    56 | D:1      | Gained mutation: You are partially covered in yellow
                  | scales. (AC +2) [demonic ancestry]
    56 | D:1      | Reached XP level 2. HP: 23/24 MP: 2/2
   204 | D:1      | XOM: potion effect (haste)
   339 | D:1      | Gained mutation: When hurt, damage is shared between your
                  | health and your magic reserves. [demonic ancestry]
   339 | D:1      | Reached XP level 3. HP: 29/29 MP: 3/3
   792 | D:2      | Found an opulent altar of Gozag.
   795 | D:2      | Found an iron altar of Okawaru.
   904 | D:2      | Found Gozag's Platinum Reserve.
  1108 | D:2      | Found a glowing silver altar of Zin.
  1241 | D:2      | Reached skill level 1 in Dodging
  1376 | D:3      | Gained mutation: You have a pair of small antennae on your
                  | head. [demonic ancestry]
  1376 | D:3      | Reached XP level 4. HP: 35/35 MP: 4/4
  1401 | D:3      | Found a hide-covered altar of Uskayaw.
  1447 | D:3      | XOM: harmless Chrm miscast
  1458 | D:3      | Found a sparkling altar of Nemelex Xobeh.
  1875 | D:3      | XOM: divination: detect items
  1894 | D:3      | Noticed a gnoll sergeant
  1895 | D:3      | XOM: potion effect (might)
  1898 | D:3      | XOM: potion effect (invisibility)
  1903 | D:3      | XOM: harmless Erth miscast
  1906 | D:3      | Killed a gnoll sergeant
  1906 | D:3      | Reached XP level 5. HP: 41/42 MP: 5/5
  2028 | D:3      | XOM: mild Fire miscast
  2031 | D:3      | You fall through a shaft for 3 floors!
  2073 | D:6      | Noticed a sky beast
  2074 | D:6      | Noticed a glowing shapeshifter
  2074 | D:6      | a bullfrog changed into a glowing shapeshifter
  2074 | D:6      | Noticed a water nymph
  2074 | D:6      | a glowing shapeshifter changed into a water nymph
  2075 | D:6      | XOM: enchant monster (bad)
  2084 | D:6      | Noticed a cyclops
  2084 | D:6      | a water nymph changed into a cyclops
  2087 | D:6      | XOM: mild Ice miscast
  2088 | D:6      | Noticed a dream sheep
  2088 | D:6      | a cyclops changed into a dream sheep
  2092 | D:6      | XOM: enchant monster (bad)
  2092 | D:6      | Noticed a sea snake
  2092 | D:6      | a dream sheep changed into a sea snake
  2095 | D:6      | Noticed a swamp worm
  2095 | D:6      | a sea snake changed into a swamp worm
  2096 | D:6      | Noticed an orc warrior
  2096 | D:6      | HP: 2/42 [swamp worm (glowing shapeshifter) (15)]
  2098 | D:6      | Killed from afar by a swamp worm (glowing shapeshifter)

Skill      XL: |  1  2  3  4  5 |
---------------+----------------+-----
Maces & Flails | 3 4 |  4.8
Armour         | 2 |  2.2
Dodging        | 1 2 |  2.0
Fighting       | 4 |  4.0
Stealth        | |  0.8

Action                   |  1- 3 |  4- 6 || total
-------------------------+-------+-------++-------
Melee: Mace              |    93 |    88 ||   181
  Use: Scroll            |       |    10 ||    10
       Potion            |       |     3 ||     3
 Stab: Sleeping          |     1 |     1 ||     2
       Invisible         |       |     1 ||     1
  Eat: Chunk             |     1 |     3 ||     4
Armor: Leather armour    |    49 |    58 ||   107
Dodge: Dodged            |    64 |    66 ||   130
Block: Buckler           |       |     2 ||     2
